 Dungeon Crawl Stone Soup version 0.29-a0-414-g5075937 (webtiles) character file.

Game seed: 9994481992745282538

107 Geeful the Skirmisher (level 4, 0/48 HPs)
             Began as an Ogre Gladiator on May 14, 2022.
             Slain by a goblin
             ... wielding a +0 club
             ... led by Robin
              (6 damage)
             ... on level 3 of the Dungeon.
             The game lasted 00:07:39 (2567 turns).

Geeful the Skirmisher (Ogre Gladiator)              Turns: 2567, Time: 00:07:40

Health: 0/48       AC:  3    Str: 20    XL:     4   Next: 85%
Magic:  4/4        EV: 10    Int:  9    God:
Gold:   158        SH:  0    Dex: 10    Spells: 3/3 levels left

rFire   . . .      SeeInvis .   a - +0 flail
rCold   + . .      Faith    .   (no shield)
rNeg    . . .      Spirit   .   b - +0 robe
rPois   .          Reflect  .   c - +0 hat
rElec   .          Harm     .   (no cloak)
rCorr   .          Rampage  .   (gloves unavailable)
Will    .....                   (boots unavailable)
Stlth   +.........              (no amulet)
HPRegen 0.16/turn               f - ring of protection from cold
MPRegen 0.09/turn               (no ring)

@: no status effects
A: large, unfitting armour, tough skin 1
a: no special abilities


You were on level 3 of the Dungeon.
You visited 1 branch of the dungeon, and saw 3 of its levels.

You collected 158 gold pieces.

Inventory:

Hand Weapons
 a - a +0 flail (weapon)
Missiles
 d - 2 throwing nets (quivered)
 n - 5 poisoned darts
 t - a large rock
Armour
 b - a +0 robe (worn)
 c - a +0 hat (worn)
Jewellery
 f - a ring of protection from cold (left hand)
Wands
 e - a wand of charming (7)
Scrolls
 h - 2 scrolls of blinking {unknown}
 i - 2 scrolls of identify
 k - a scroll of immolation {unknown}
 o - a scroll of teleportation {unknown}
 p - a scroll of silence {unknown}
 q - a scroll of brand weapon {unknown}
 s - a scroll of noise {unknown}
 u - a scroll of vulnerability {unknown}
Potions
 g - 2 potions of curing
 j - 4 potions of degeneration
 l - 2 potions of cancellation {unknown}
 m - a potion of haste {unknown}
 r - 2 potions of heal wounds {unknown}


   Skills:
 + Level 4.0 Fighting
 + Level 3.3 Maces & Flails
 + Level 2.9 Throwing
 + Level 3.3 Dodging


You had 3 spell levels left.
You didn't know any spells.
Your spell library contained the following spells:

 Spells                   Type           Power      Damage    Failure   Level
 Slow                     Hex            0%         N/A       38%         1
 Confusing Touch          Hex            0%         N/A       77%         3
 Ozocubu's Armour         Ice            0%         N/A       77%         3
 Vampiric Draining        Necr           0%         2d6       77%         3
 Freezing Cloud           Conj/Ice/Air   0%         6-21      100%        5
 Simulacrum               Ice/Necr       0%         N/A       100%        6
 Ozocubu's Refrigeration  Ice            0%         4d5       100%        7
 Polar Vortex             Ice            0%         N/A       100%        9


Dungeon Overview and Level Annotations

Branches:
Dungeon (3/15)

Altars:

Shops:
D:2 :

Annotations:
D:3 exclusion: black bear, Robin


Innate Abilities, Weirdness & Mutations

You are too large for most types of armour.
You have tough skin. (AC +1)


Message History

Robin is severely wounded.
The goblin hits you with a +0 club.
You hit Robin but do no damage.
Robin is severely wounded.
Robin closely misses you. The goblin hits you with a +0 club.
You barely miss Robin.
Robin is severely wounded.
Robin hits you with a +0 vampiric spear.
Robin draws strength from your wounds! The goblin barely misses you.
The goblin hits you but does no damage.
Robin hits you with a +0 vampiric spear.
Robin draws strength from your wounds!
You barely miss Robin.
Robin is heavily wounded.
The goblin hits you with a +0 club.
Robin laughs in a distinctly smug fashion.
Robin barely misses you.
You completely miss Robin.
Robin is heavily wounded.
The goblin hits you with a +0 club.
* * * LOW HITPOINT WARNING * * *
Robin roars a battlecry!
The goblin goes into a battle-frenzy!
You hear a shout! x2
You sock Robin!
Robin is severely wounded.
The goblin hits you but does no damage.
You hit Robin.
Robin is almost dead.
The goblin hits you with a +0 club.
* * * LOW HITPOINT WARNING * * *
A goblin comes into view. It is wielding a +0 dagger.
It was a potion of curing.
You feel better. Robin barely misses you. The goblin hits you with a +0 club.
* * * LOW HITPOINT WARNING * * *
As you read the scroll labelled ZUEMEU SETHROSO, it crumbles to dust.
It is a scroll of identify.
j - 4 potions of degeneration The goblin hits you with a +0 club.
You die...

.#. ..!. ... ... ###.#
.... #.######g# #...g@ggg#
#.######## #.# #.# #.#
##### ###########.#
#...########
#........##.###..........#
#
#.######.##.........####.#
#### #.# #.#<..###.##.#
#.# #...


You could see Robin and 4 goblins.

Vanquished Creatures
  Ijyb (D:3)
  Terence (D:2)
  3 worms
  2 dart slugs
  An orc (D:3)
  9 ball pythons
  5 endoplasms
  2 goblins
  5 hobgoblins
  4 kobolds
  A quokka (D:3)
  6 bats
  A frilled lizard (D:1)
  7 rats
48 creatures vanquished.

Notes
Turn   | Place    | Note
-------+----------+-------------------------------------------
     0 | D:1      | Geeful the Ogre Gladiator began the quest for the Orb.
     0 | D:1      | Reached XP level 1. HP: 22/22 MP: 1/1
   254 | D:1      | Reached XP level 2. HP: 19/29 MP: 2/2
   380 | D:1      | Reached skill level 3 in Fighting
  1296 | D:2      | Found Jomilial's Book Shoppe.
  1303 | D:2      | Reached XP level 3. HP: 37/37 MP: 3/3
  1734 | D:2      | Noticed Terence
  1744 | D:2      | Killed Terence
  1745 | D:2      | Reached XP level 4. HP: 46/46 MP: 4/4
  2119 | D:3      | Noticed a black bear
  2133 | D:3      | Noticed Ijyb
  2154 | D:3      | Killed Ijyb
  2399 | D:3      | Found a faded altar of an unknown god.
  2552 | D:3      | Noticed Robin
  2557 | D:3      | Reached skill level 4 in Fighting
  2567 | D:3      | Slain by a goblin

Illustrated notes

Levels and vault maps discovered:
D:1:      minmay_arrival_shoal_huts, layout_loops_corners
D:2:      layout_rooms, serial_shops, shop_fountains, uniq_terence
D:3:      layout_loops_corners, serial_shops, shop, nicolae_shop_waterfront,
          shapermc_ecumenical_altar_flowoftime, minivault_24,
          minmay_misc_feat_secret_circle, uniq_ijyb, uniq_robin

Skill      XL: |  1  2  3  4 |
---------------+-------------+-----
Fighting       | 3 4 |  4.0
Dodging        | 3 |  3.3
Maces & Flails | 3 |  3.3
Throwing       | |  2.9

Action                   |  1- 3 |  4- 6 || total
-------------------------+-------+-------++-------
Melee: Flail             |    93 |    61 ||   154
Throw: Large rock        |     1 |     1 ||     2
       Throwing net      |     1 |       ||     1
  Use: Scroll            |       |     1 ||     1
       Potion            |       |     1 ||     1
Armor: Robe              |    41 |    21 ||    62
Dodge: Dodged            |    62 |    37 ||    99

Table legend: (Time is in decaauts)
 A = Elapsed time spent in this place.
 B = Non-inter-level travel time spent in this place.
 C = Inter-level travel time spent in this place.
 D = Time resting spent in this place.
 E = Time spent auto-exploring this place.
 F = Levels seen in this place.
 G = Mean time per level.
                   A        B        C        D        E       F      G
               +--------+--------+--------+--------+--------+-----+--------+
         Total |   2611 |   2572 |     39 |    105 |   1985 |   3 |  870.3 |
       Dungeon |   2611 |   2572 |     39 |    105 |   1985 |   3 |  870.3 |
               +--------+--------+--------+--------+--------+-----+--------+

Top non-repeatable levels by time:
     D:1: 1265 daAuts
     D:2: 731 daAuts
     D:3: 615 daAuts
